TOP OF THE 1ST |
Santa Fe Diablos batting - Pitching for New Hampshire Fisher Cats : LHP Kent Robinson
|
Pitching: LHP Kent Robinson
|
|
Batting: RHB Arnold Harmon
|
0-0: Ball 1-0: Ball 2-0: Ground out 4-3 (Groundball, 4)
|
Batting: SHB António Hernández
|
0-0: Ball 1-0: Foul Ball, location: 2F 1-1: Swinging Strike 1-2: Strikes out swinging
|
Batting: RHB Júlio López
|
0-0: Called Strike 0-1: Foul Ball, location: 2F 0-2: Strikes out swinging
|
Top of the 1st over - 0 run(s), 0 hit(s), 0 error(s), 0 left on base; Santa Fe 0 - New Hampshire 0 |
BOTTOM OF THE 1ST |
New Hampshire Fisher Cats batting - Pitching for Santa Fe Diablos : RHP Júlio Torres
|
Pitching: RHP Júlio Torres
|
|
Batting: RHB Lu-fang Huie
|
0-0: Ball 1-0: Called Strike 1-1: Ball 2-1: Called Strike 2-2: Foul Ball, location: 2F 2-2: Strikes out swinging
|
Batting: RHB Anthony Hezell
|
0-0: Foul Ball, location: 2F 0-1: Ground out 6-3 (Groundball, 6)
|
Batting: LHB Sam Barnes
|
0-0: Called Strike 0-1: Ball 1-1: Foul Ball, location: 2F 1-2: Ball 2-2: Ball 3-2: SINGLE (Groundball, 34D) (infield hit)
|
Batting: RHB Roberto Peńa
|
0-0: Ball 1-0: Ball 2-0: Called Strike 2-1: Foul Ball, location: 2F 2-2: Foul Ball, location: 2F 2-2: Strikes out swinging
|
Bottom of the 1st over - 0 run(s), 1 hit(s), 0 error(s), 1 left on base; Santa Fe 0 - New Hampshire 0 |
TOP OF THE 2ND |
Santa Fe Diablos batting - Pitching for New Hampshire Fisher Cats : LHP Kent Robinson
|
Batting: LHB Roberto Sandoval
|
0-0: Called Strike 0-1: Foul Ball, location: 2F 0-2: Ground out 1-3 (Groundball, 15S)
|
Batting: LHB Juan Ontiveros
|
0-0: Ball 1-0: Fly out, F7 (Flyball, 7M)
|
Batting: RHB Jorge Rodríguez
|
0-0: Foul Ball, location: 2F 0-1: Ball 1-1: Swinging Strike 1-2: Foul Ball, location: 2F 1-2: Ball 2-2: Ball 3-2: Strikes out swinging
|
Top of the 2nd over - 0 run(s), 0 hit(s), 0 error(s), 0 left on base; Santa Fe 0 - New Hampshire 0 |
BOTTOM OF THE 2ND |
New Hampshire Fisher Cats batting - Pitching for Santa Fe Diablos : RHP Júlio Torres
|
Batting: RHB Phil Matthews
|
0-0: Ball 1-0: Called Strike Reached via error on a dropped throw, E3
|
Batting: RHB Keith Ford
|
0-0: Foul Ball, location: 2F 0-1: Ball 1-1: Called Strike Phil Matthews is caught stealing 2nd base 1-2: Ball 2-2: Foul Ball, location: 2F 2-2: Strikes out swinging
|
Batting: RHB Matt Silver
|
0-0: Called Strike 0-1: Foul Ball, location: 2F 0-2: Ball 1-2: Ball 2-2: Ball 3-2: Ground out U3 (Groundball, 3S)
|
Bottom of the 2nd over - 0 run(s), 0 hit(s), 1 error(s), 0 left on base; Santa Fe 0 - New Hampshire 0 |
TOP OF THE 3RD |
Santa Fe Diablos batting - Pitching for New Hampshire Fisher Cats : LHP Kent Robinson
|
Batting: RHB Michael Anderson
|
0-0: Ball 1-0: Ball 2-0: Ball 3-0: Called Strike 3-1: Foul Ball, location: 2F 3-2: Base on Balls
|
Batting: RHB Henning Huisman
|
0-0: Ball 1-0: Swinging Strike 1-1: Foul Ball, location: 2F 1-2: Ball 2-2: Foul Ball, location: 2F 2-2: Ground out 2-3 (Groundball, 23) Michael Anderson to second
|
Batting: LHB Víctor Carrillo
|
0-0: Called Strike 0-1: Foul Ball, location: 2F 0-2: Ball 1-2: Strikes out swinging
|
Batting: RHB Arnold Harmon
|
0-0: Called Strike 0-1: Foul Ball, location: 2F 0-2: Strikes out swinging
|
Top of the 3rd over - 0 run(s), 0 hit(s), 0 error(s), 1 left on base; Santa Fe 0 - New Hampshire 0 |
BOTTOM OF THE 3RD |
New Hampshire Fisher Cats batting - Pitching for Santa Fe Diablos : RHP Júlio Torres
|
Batting: RHB Scott Briggs
|
0-0: Ball 1-0: Swinging Strike 1-1: Called Strike 1-2: Ball 2-2: Foul Ball, location: 2F 2-2: Ball 3-2: Foul Ball, location: 2F 3-2: Foul Ball, location: 2F 3-2: Base on Balls
|
Batting: RHB Tony Reyes
|
0-0: Foul Ball, location: 2F 0-1: Ball 1-1: Swinging Strike 1-2: Ball 2-2: Foul Ball, location: 2F 2-2: Ball 3-2: Foul Ball, location: 2F 3-2: Strikes out swinging
|
Batting: RHB Lu-fang Huie
|
0-0: Called Strike 0-1: Foul Ball, location: 2F 0-2: Ball 1-2: Ball 2-2: Foul Ball, location: 2F 2-2: Foul Ball, location: 2F 2-2: Strikes out swinging
|
Batting: RHB Anthony Hezell
|
0-0: Called Strike Scott Briggs is caught stealing 2nd base
|
Bottom of the 3rd over - 0 run(s), 0 hit(s), 0 error(s), 0 left on base; Santa Fe 0 - New Hampshire 0 |
TOP OF THE 4TH |
Santa Fe Diablos batting - Pitching for New Hampshire Fisher Cats : LHP Kent Robinson
|
Batting: SHB António Hernández
|
0-0: Foul Ball, location: 2F 0-1: Foul Ball, location: 2F 0-2: Fly out, F8 (Flyball, 89D)
|
Batting: RHB Júlio López
|
0-0: Foul Ball, location: 2F 0-1: Called Strike 0-2: Ball 1-2: Ground out 3-1 (Groundball, 3)
|
Batting: LHB Roberto Sandoval
|
0-0: SINGLE (Line Drive, 9S)
|
Batting: LHB Juan Ontiveros
|
0-0: Ball 1-0: SINGLE (Line Drive, 8LS) Roberto Sandoval to second
|
Batting: RHB Jorge Rodríguez
|
0-0: Swinging Strike 0-1: Foul Ball, location: 2F 0-2: Ball 1-2: Ball 2-2: Strikes out swinging
|
Top of the 4th over - 0 run(s), 2 hit(s), 0 error(s), 2 left on base; Santa Fe 0 - New Hampshire 0 |
BOTTOM OF THE 4TH |
New Hampshire Fisher Cats batting - Pitching for Santa Fe Diablos : RHP Júlio Torres
|
Batting: RHB Anthony Hezell
|
0-0: Ball 1-0: Called Strike 1-1: Swinging Strike 1-2: Ball 2-2: Strikes out swinging
|
Batting: LHB Sam Barnes
|
0-0: Called Strike 0-1: Ground out 1-3 (Groundball, 13S)
|
Batting: RHB Roberto Peńa
|
0-0: Ball 1-0: Ball 2-0: SINGLE (Groundball, 5L)
|
Batting: RHB Phil Matthews
|
0-0: Called Strike 0-1: Ball 1-1: Foul Ball, location: 2F 1-2: Strikes out swinging
|
Bottom of the 4th over - 0 run(s), 1 hit(s), 0 error(s), 1 left on base; Santa Fe 0 - New Hampshire 0 |
TOP OF THE 5TH |
Santa Fe Diablos batting - Pitching for New Hampshire Fisher Cats : LHP Kent Robinson
|
Batting: RHB Michael Anderson
|
0-0: Ball 1-0: Ball 2-0: Ball 3-0: Foul Ball, location: 2F 3-1: Base on Balls
|
Batting: RHB Henning Huisman
|
0-0: Foul Ball, location: 2F 0-1: Ball 1-1: Ball 2-1: Fly out, F5 (Popup, 5F)
|
Batting: LHB Víctor Carrillo
|
0-0: Foul Ball, location: 2F 0-1: Ball 1-1: Grounds into double play, 6-4-3 (Groundball, 56)
|
Top of the 5th over - 0 run(s), 0 hit(s), 0 error(s), 0 left on base; Santa Fe 0 - New Hampshire 0 |
BOTTOM OF THE 5TH |
New Hampshire Fisher Cats batting - Pitching for Santa Fe Diablos : RHP Júlio Torres
|
Batting: RHB Keith Ford
|
0-0: Ground out 5-3 (Groundball, 5S)
|
Batting: RHB Matt Silver
|
0-0: Ball 1-0: Foul Ball, location: 2F 1-1: Ball 2-1: Ball 3-1: Foul Ball, location: 2F 3-2: Base on Balls
|
Batting: RHB Scott Briggs
|
0-0: Foul Ball, location: 2F 0-1: Ball 1-1: Fly out, F7 (Flyball, 78M)
|
Batting: RHB Tony Reyes
|
0-0: Ball 1-0: Foul Ball, location: 2F 1-1: Called Strike 1-2: Foul Ball, location: 2F 1-2: Strikes out swinging
|
Bottom of the 5th over - 0 run(s), 0 hit(s), 0 error(s), 1 left on base; Santa Fe 0 - New Hampshire 0 |
TOP OF THE 6TH |
Santa Fe Diablos batting - Pitching for New Hampshire Fisher Cats : LHP Kent Robinson
|
Batting: RHB Arnold Harmon
|
0-0: Ball 1-0: Fly out, F9 (Line Drive, 9LD)
|
Batting: SHB António Hernández
|
0-0: Called Strike 0-1: Called Strike 0-2: Ball 1-2: Ball 2-2: Ball 3-2: Strikes out swinging
|
Batting: RHB Júlio López
|
0-0: Called Strike 0-1: Swinging Strike 0-2: Strikes out swinging
|
Top of the 6th over - 0 run(s), 0 hit(s), 0 error(s), 0 left on base; Santa Fe 0 - New Hampshire 0 |
BOTTOM OF THE 6TH |
New Hampshire Fisher Cats batting - Pitching for Santa Fe Diablos : RHP Júlio Torres
|
Batting: RHB Lu-fang Huie
|
0-0: Foul Ball, location: 2F 0-1: Ball 1-1: SINGLE (Groundball, 6MD)
|
Batting: RHB Anthony Hezell
|
0-0: Swinging Strike 0-1: Grounds into double play, 6-4-3 (Groundball, 6)
|
Batting: LHB Sam Barnes
|
0-0: Ball 1-0: Fly out, F6 (Popup, 56D)
|
Bottom of the 6th over - 0 run(s), 1 hit(s), 0 error(s), 0 left on base; Santa Fe 0 - New Hampshire 0 |
TOP OF THE 7TH |
Santa Fe Diablos batting - Pitching for New Hampshire Fisher Cats : LHP Kent Robinson
|
Pinch Hitting: RHB Robinson Pacheco
|
0-0: Ball 1-0: Foul Ball, location: 2F 1-1: Swinging Strike 1-2: Ball 2-2: Foul Ball, location: 2F 2-2: SINGLE (Line Drive, 6D)
|
Pinch Hitting: RHB Bill Finley
|
0-0: Ball 1-0: Swinging Strike 1-1: Ball 2-1: Ball 3-1: Grounds into double play, 5-4-3 (Groundball, 56)
|
Pinch Hitting: RHB Ánibal Gonzáles
|
0-0: Ball 1-0: Called Strike 1-1: Ball 2-1: Foul Ball, location: 2F 2-2: Foul Ball, location: 2F 2-2: Foul Ball, location: 2F 2-2: Foul Ball, location: 2F 2-2: Ball 3-2: Strikes out looking
|
Top of the 7th over - 0 run(s), 1 hit(s), 0 error(s), 0 left on base; Santa Fe 0 - New Hampshire 0 |
BOTTOM OF THE 7TH |
New Hampshire Fisher Cats batting - Pitching for Santa Fe Diablos : RHP Júlio Torres
|
Pitching: RHP Bartolo Muńóz
|
|
Now at 1B: Bill Finley
|
|
Now at SS: Robinson Pacheco
|
|
Now in RF: Keith Jones
|
|
Batting: RHB Roberto Peńa
|
0-0: SOLO HOME RUN (Flyball, 7LD), Distance : 376 ft
|
Batting: RHB Phil Matthews
|
0-0: Called Strike 0-1: Ball 1-1: Called Strike 1-2: Ball 2-2: Fly out, F2 (Popup, 25F)
|
Batting: RHB Keith Ford
|
0-0: Ball 1-0: Ground out 6-3 (Groundball, 6)
|
Batting: RHB Matt Silver
|
0-0: Swinging Strike 0-1: Ball 1-1: SINGLE (Groundball, 56D)
|
Pinch Hitting: RHB Billy Campbell
|
0-0: Ball 1-0: Ball 2-0: Called Strike 2-1: Called Strike 2-2: Strikes out swinging
|
Bottom of the 7th over - 1 run(s), 2 hit(s), 0 error(s), 1 left on base; Santa Fe 0 - New Hampshire 1 |
TOP OF THE 8TH |
Santa Fe Diablos batting - Pitching for New Hampshire Fisher Cats : LHP Kent Robinson
|
Pitching: RHP Ernesto Rivera
|
|
Now at 2B: José Hernández
|
|
Batting: RHB Michael Anderson
|
0-0: Ball 1-0: Ball 2-0: Ball 3-0: Called Strike 3-1: Foul Ball, location: 2F 3-2: Ground out 2-3 (Groundball, 2L)
|
Batting: RHB Henning Huisman
|
0-0: Ball 1-0: Ball 2-0: Foul Ball, location: 2F 2-1: Swinging Strike 2-2: Strikes out swinging
|
Pitching: LHP Juan Arce
|
|
Batting: LHB Víctor Carrillo
|
0-0: SINGLE (Groundball, 34S)
|
Pitching: RHP Grady Connolly
|
|
Pinch Runner at 1st Gerardo Álvarez:
|
|
Pinch Hitting: LHB Don Soper
|
0-0: Fielders Choice at 2nd, U6 (Groundball, 6M)
|
Top of the 8th over - 0 run(s), 1 hit(s), 0 error(s), 1 left on base; Santa Fe 0 - New Hampshire 1 |
BOTTOM OF THE 8TH |
New Hampshire Fisher Cats batting - Pitching for Santa Fe Diablos : RHP Bartolo Muńóz
|
Now at 3B: Don Soper
|
|
Now in LF: Gerardo Álvarez
|
|
Batting: RHB Tony Reyes
|
0-0: Ball 1-0: Foul Ball, location: 2F 1-1: Ball 2-1: Ground out 6-3 (Groundball, 6)
|
Batting: RHB Lu-fang Huie
|
0-0: Foul Ball, location: 2F 0-1: Swinging Strike 0-2: Strikes out swinging
|
Batting: RHB Anthony Hezell
|
0-0: Ball 1-0: Ground out 3-1 (Groundball, 3L)
|
Bottom of the 8th over - 0 run(s), 0 hit(s), 0 error(s), 0 left on base; Santa Fe 0 - New Hampshire 1 |
TOP OF THE 9TH |
Santa Fe Diablos batting - Pitching for New Hampshire Fisher Cats : RHP Grady Connolly
|
Pitching: LHP Carlos Berru
|
|
Now at C: Tim Robertson
|
|
Now in CF: Sadao Kimura
|
|
Batting: SHB António Hernández
|
0-0: Called Strike 0-1: Swinging Strike 0-2: Fly out, F9 (Flyball, 89D)
|
Batting: RHB Júlio López
|
0-0: Ball 1-0: Swinging Strike 1-1: Ball 2-1: Foul Ball, location: 2F 2-2: Strikes out swinging
|
Batting: RHB Robinson Pacheco
|
0-0: Foul Ball, location: 2F 0-1: Foul Ball, location: 2F 0-2: Foul Ball, location: 2F 0-2: Ball 1-2: Foul Ball, location: 2F 1-2: Ball 2-2: DOUBLE (Groundball, 5D)
|
Batting: RHB Bill Finley
|
0-0: Ball 1-0: Ball 2-0: Ball 3-0: Foul Ball, location: 2F 3-1: Base on Balls
|
Pinch Hitting: RHB Ray Davis
|
0-0: Called Strike 0-1: Ball 1-1: Foul Ball, location: 2F 1-2: Ground out 5-3 (Groundball, 5)
|
Top of the 9th over - 0 run(s), 1 hit(s), 0 error(s), 2 left on base; Santa Fe 0 - New Hampshire 1 |
|